 Dungeon Crawl Stone Soup version 0.27.0-1-g7a089689b8 (webtiles) character file.

Game seed: 8157222022150235550

6948 Brandom the Skirmisher (level 11, -3/58 HPs)
             Began as a Vine Stalker Venom Mage on Aug 8, 2021.
             Was a Priest of Jiyva.
             Slain by a two-headed ogre (21 damage)
             ... on level 10 of the Dungeon.
             The game lasted 00:34:13 (9539 turns).

Brandom the Skirmisher (Vine Stalker Venom Mage)    Turns: 9539, Time: 00:34:14

Health: -3/58      AC:  7    Str: 12    XL:     11   Next: 7%
Magic:  0/16       EV: 14    Int: 12    God:    Jiyva [***...]
Gold:   190        SH:  4    Dex: 11    Spells: 13/16 levels left

rFire    . . .     SeeInvis +   u - +12 falchion "Cotur" {vorpal, rPois rCorr Int-4}
rCold    + . .     Faith    .   x - +0 buckler
rNeg     + . .     Spirit   +   s - +3 robe of Altruism {rCorr Dex-5 SInv}
rPois    +         Reflect  .   (no helmet)
rElec    .         Harm     .   (no cloak)
rCorr    +         Rampage  .   (no gloves)
Will     +....                  H - +1 pair of boots
Stlth    ++........             (no amulet)
HPRegen  1.19/turn              E - ring "Wevvaure" {+Blink Fly rC+ rN+}
MPRegen  0.15/turn              (no ring)

@: flying
A: fangs 3, regeneration 1, magic shield, antimagic bite, no potion heal 2,
noise suppression
a: Renounce Religion, Evoke Blink, Request Jelly


You were on level 10 of the Dungeon.
You worshipped Jiyva.
Jiyva was most pleased with you.
You visited 2 branches of the dungeon, and saw 11 of its levels.

You collected 309 gold pieces.
You spent 119 gold pieces at shops.

Inventory:

Hand Weapons
 b - a +0 dagger
   (You took it off a kobold on level 1 of the Dungeon)
 c - a +0 short sword
   (You took it off a kobold on level 1 of the Dungeon)
 u - the +12 falchion "Cotur" (weapon) {vorpal, rPois rCorr Int-4}
   (You found it on level 4 of the Dungeon)

   It inflicts extra damage upon your enemies.
   Int:       It affects your intelligence (-4).
   rPois:     It protects you from poison.
   rCorr:     It protects you from acid and corrosion.
Missiles
 t - 2 throwing nets {!f}
 F - 2 curare-tipped darts (quivered) {!f}
Armour
 a - a +0 robe
 s - the +3 robe of Altruism (worn) {rCorr Dex-5 SInv}
   (You bought it in a shop on level 1 of the Dungeon)

   Dex:       It affects your dexterity (-5).
   SInv:      It lets you see invisible.
   rCorr:     It protects you from acid and corrosion.
 x - a +0 buckler (worn)
   (You found it on level 5 of the Dungeon)
 H - a +1 pair of boots (worn)
   (You found it on level 1 of the Dungeon)
Jewellery
 e - an amulet of regeneration
   (You found it on level 10 of the Dungeon)
 n - an amulet of reflection
   (You found it on level 3 of the Dungeon)
 z - an amulet of faith {!P}
   (You found it on level 3 of the Dungeon)
 E - the ring "Wevvaure" (left hand) {+Blink Fly rC+ rN+}
   (You found it on level 7 of the Dungeon)

   [ring of flight]

   rC:        It protects you from cold.
   rN:        It protects you from negative energy.
   Fly:       It grants you flight.
   +Blink:    It lets you blink.
 I - the amulet of Viplaiq {RegenMP Harm rN+ Int+4}
   (You found it on level 10 of the Dungeon)

   [amulet of magic regeneration]

   It increases your rate of magic regeneration.
   Int:       It affects your intelligence (+4).
   rN:        It protects you from negative energy.
   Harm:      It increases damage dealt and taken.
Wands
 d - a wand of iceblast (10)
   (You found it on level 6 of the Dungeon)
 r - a wand of charming (10)
   (You found it on level 3 of the Dungeon)
 C - a wand of polymorph (2)
   (You took it off Duvessa on level 6 of the Dungeon)
Scrolls
 g - a scroll of amnesia {unknown}
 j - a scroll of vulnerability {!r}
 p - a scroll of torment {!r}
 q - a scroll of immolation {!r}
 w - a scroll of silence {unknown}
 y - a scroll of fear {unknown}
 A - a scroll of enchant armour
 B - a scroll of teleportation {unknown}
Potions
 f - 2 potions of heal wounds {@q2}
 h - a potion of lignification {!q}
 k - 2 potions of cancellation
 l - 3 potions of might
 o - 5 potions of curing {@q1}
 v - 3 potions of resistance
 D - a potion of berserk rage {unknown}
 G - a potion of haste {@q3}


   Skills:
 + Level 6.7 Fighting
 + Level 6.2 Long Blades
 + Level 5.7 Armour
 + Level 6.6 Dodging
 - Level 2.4 Stealth
 - Level 4.0 Shields
 - Level 3.2 Spellcasting
 - Level 1.0 Transmutations
 - Level 3.8 Poison Magic
 + Level 5.1 Evocations


You had 13 spell levels left.
You knew the following spells:

 Your Spells              Type           Power      Damage    Failure   Level
a - Sting                 Tmut/Pois      28%        1d4       9%          1
b - Poisonous Vapours     Pois/Air       12%        N/A       17%         2

Your spell library contained the following spells:

 Spells                   Type           Power      Damage    Failure   Level
 Shock                    Conj/Air       4%         1d3       24%         1
 Mephitic Cloud           Conj/Pois/Air  5%         N/A       38%         3
 Olgreb's Toxic Radiance  Pois           11%        N/A       45%         4
 Swiftness                Air            1%         N/A       58%         3
 Airstrike                Air            0%         N/A       94%         4
 Freezing Cloud           Conj/Ice/Air   0%         6-21      100%        5
 Simulacrum               Ice/Necr       0%         N/A       100%        6
 Polar Vortex             Ice            0%         N/A       100%        9


Dungeon Overview and Level Annotations

Branches:
Dungeon (10/15)            Temple (1/1) D:4            Lair (0/6) D:10
    Orc: D:9-12

Altars:
Ashenzari
Cheibriados
Dithmenos
Elyvilon
Fedhas
Gozag
Hepliaklqana
Kikubaaqudgha
Makhleb
Nemelex Xobeh
Okawaru
Qazlal
Ru
Sif Muna
Trog
Uskayaw
Vehumet
Wu Jian
Xom
Yredelemnul
Zin
The Shining One
Jiyva

Shops:
D:1 =?[[   D:3 *

Annotations:
D:5 1 runed translucent door


Innate Abilities, Weirdness & Mutations

You have razor-sharp teeth.
Your natural rate of healing is unusually fast.
When hurt, damage is shared between your health and your magic reserves.
Your bite disrupts and absorbs the magic of your enemies.
Potions cannot restore your health.
You passively dampen the noise of your surroundings.


Message History

The two-headed ogre hits you with a +0 giant club!
* * * LOW HITPOINT WARNING * * *
You swap places.
The two-headed ogre looks more healthy.
Aim: a two-headed ogre, wielding two +0 giant clubs (severely wounded) Poisonous vapours surround the two-headed ogre!
The two-headed ogre is poisoned.
The jelly hits the two-headed ogre but does no damage.
The two-headed ogre hits the jelly with a +0 giant club!!
The two-headed ogre is burned by acid!
The two-headed ogre hits the jelly with a +0 giant club!
The two-headed ogre is burned by acid!
The orc warrior drinks a potion.
The orc warrior seems to grow stronger.
Aim: a two-headed ogre, wielding two +0 giant clubs (severely wounded, poisoned)
You miscast Poisonous Vapours.
You are very lightly contaminated with residual magic.
Nothing appears to happen.
The jelly hits the two-headed ogre but does no damage.
The two-headed ogre hits the jelly with a +0 giant club!!!
The jelly dies!
You block the orc warrior's attack.
The two-headed ogre shouts in stereo!
A hornet comes into view.
The hornet buzzes angrily.
The two-headed ogre looks more healthy.
Your magical contamination has completely faded away.
You blink.
A two-headed ogre comes into view. It is wielding two +0 giant clubs.
The two-headed ogre shouts in stereo!
The jelly hits the two-headed ogre but does no damage.
The orc warrior closely misses you.
The orc wizard gestures wildly while chanting.
The orc wizard flickers and vanishes for a moment.
The orc warrior hits you from afar with a +0 trident!
Unknown command.
You blink.
Unknown command.
As you read the scroll labelled QOZAMEFUEX, it crumbles to dust.
It is a scroll of enchant armour.
Your +0 pair of boots glows green for a moment.
The hornet stings you but does no damage.
The hornet closely misses you.
As you read the scroll labelled PIEQUU ENTOM, it crumbles to dust.
You hear a loud clanging noise!
It was a scroll of noise.
The hornet closely misses you.
This is a scroll of acquirement!
Something appears at your feet! You block the hornet's attack.
The two-headed ogre hits you with a +0 giant club!!
* * * LOW HITPOINT WARNING * * *
The two-headed ogre hits you with a +0 giant club!!
You die...

...'........o..#
...#########....#####...
................#.J.#..>
................#...#...
................'...#...
..........O.....#...#...
..........o.....#...#...
.......Oo.......#####...
.......@y...............
.......#######..........
....... #..........
....... ####......#
####### ......# ......#
#######


You could see 2 two-headed ogres, a hornet, an orc warrior (strong) and an orc
wizard (invisible).

Vanquished Creatures
  A boulder beetle (D:9)
  Harold (D:9)
  A wolf spider zombie (D:9)
  A komodo dragon (D:10)
  2 hellwings (D:9)
  A hornet (D:9)
  5 yaks
  A shadow (D:10)
  2 wraiths
  A wyvern (D:9)
  Duvessa (D:6)
  3 water moccasins
  5 orc warriors
  A black bear (D:10)
  A necrophage (D:7)
  An ogre (D:5)
  2 centaurs
  A kobold brigand (D:9)
  4 bullfrogs
  Dowan (D:6)
  A water moccasin zombie (D:6)
  2 scorpions
  2 howler monkeys
  5 centaur zombies
  2 orc priests
  A hound (D:5)
  A bullfrog skeleton (D:6)
  4 orc wizards
  A centaur skeleton (D:6)
  A killer bee zombie (D:4)
  A howler monkey zombie (D:6)
  4 adders
  2 white imps
  5 worms
  2 dart slugs (D:2)
  12 orcs
  10 ball pythons
  A bat zombie (D:8)
  6 endoplasms
  3 giant cockroaches
  6 goblins
  7 hobgoblins
  A jackal (D:2)
  3 quokkas
  4 bats
  9 kobolds
  A quokka skeleton (D:4)
  3 rats
136 creatures vanquished.

Vanquished Creatures (collateral kills)
  A wolf spider zombie (D:9)
  A centaur zombie (D:9)
2 creatures vanquished.

Vanquished Creatures (others)
  A centaur skeleton (D:9)
  A centaur (D:9)
  An ogre (D:5)
  2 bullfrogs
  A water moccasin skeleton (D:5)
  19 jellies
  3 centaur zombies (D:9)
  A hound (D:6)
  2 orc priests
  A bullfrog skeleton (D:5)
  An orc wizard (D:9)
  2 howler monkey skeletons (D:7)
  An adder (D:6)
  4 shadow imps
  A white imp (D:5)
  An ufetubus (D:5)
  3 orcs (D:7)
  2 kobolds (D:9)
  6 fungi (D:10)
  13 plants (D:10)
  15 withered plants (D:9)
81 creatures vanquished.

Grand Total: 219 creatures vanquished

Notes
Turn   | Place    | Note
-------+----------+-------------------------------------------
     0 | D:1      | Brandom the Vine Stalker Venom Mage began the quest for the
                  | Orb.
     0 | D:1      | Reached XP level 1. HP: 9/9 MP: 4/4
   181 | D:1      | Found Giucon's Antique Armour Shop.
   305 | D:1      | Found Xyj Athoba's Armour Shoppe.
   374 | D:1      | Reached XP level 2. HP: 11/14 MP: 3/6
   545 | D:1      | Found Kaoter's Magic Scroll Shop.
  1146 | D:1      | Found Agidogola's Jewellery Shop.
  1272 | D:1      | Reached skill level 1 in Fighting
  1272 | D:1      | Reached XP level 3. HP: 18/18 MP: 5/7
  1417 | D:2      | Found a burning altar of Makhleb.
  1532 | D:2      | Learned a level 2 spell: Poisonous Vapours
  2204 | D:2      | Gained mutation: Your natural rate of healing is unusually
                  | fast. [Vine Stalker growth]
  2204 | D:2      | Reached XP level 4. HP: 22/22 MP: 9/9
  2723 | D:3      | Found Madikk's General Store.
  2804 | D:3      | Found a faded altar of an unknown god.
  2807 | D:3      | Noticed a necrophage
  3352 | D:1      | Bought a slimy robe for 119 gold pieces
  3352 | D:1      | Identified the +3 robe of Altruism {rCorr Dex-5 SInv} (You
                  | bought it in a shop on level 1 of the Dungeon)
  3672 | D:4      | Reached XP level 5. HP: 20/26 MP: 7/10
  3794 | D:4      | Identified the +12 falchion "Cotur" {vorpal, rPois rCorr
                  | Int-4}
  4276 | D:4      | Found a staircase to the Ecumenical Temple.
  4287 | Temple   | Entered the Ecumenical Temple
  4412 | Temple   | Became a worshipper of Jiyva Jucvutoa the Shapeless
  4748 | D:5      | Entered Level 5 of the Dungeon
  4784 | D:5      | Noticed an ogre
  4789 | D:5      | Killed an ogre
  4794 | D:5      | Found an iron altar of Okawaru.
  4803 | D:5      | Identified the +8 mace "Efaacreh" {antimagic, rN+ Int+4
                  | Dex+3}
  4883 | D:5      | Noticed a centaur
  4890 | D:5      | Killed a centaur
  4891 | D:5      | Reached skill level 1 in Long Blades
  4891 | D:5      | Reached skill level 1 in Armour
  4891 | D:5      | Reached skill level 1 in Shields
  4891 | D:5      | Reached XP level 6. HP: 26/32 MP: 11/11
  5071 | D:5      | Found a runed translucent door.
  5071 | D:5      | Noticed a human
  5077 | D:5      | Found a basalt altar of Yredelemnul.
  5292 | D:5      | Found a white marble altar of Elyvilon.
  5292 | D:5      | Found a faded altar of an unknown god.
  5299 | D:5      | Found a hide-covered altar of Uskayaw.
  5301 | D:5      | Found a bloodstained altar of Trog.
  5303 | D:5      | Found a broken altar of Ashenzari.
  5621 | D:6      | Noticed a water moccasin
  5631 | D:6      | Killed a water moccasin
  5632 | D:6      | Reached XP level 7. HP: 21/35 MP: 5/12
  5680 | D:6      | Reached * piety under Jiyva
  5996 | D:5      | Gained mutation: You have razor-sharp teeth. [Vine Stalker
                  | growth]
  5996 | D:5      | Reached XP level 8. HP: 25/40 MP: 0/13
  6215 | D:6      | Noticed Duvessa
  6279 | D:6      | Noticed Dowan
  6294 | D:6      | Killed Duvessa
  6320 | D:6      | Killed Dowan
  6951 | D:7      | Reached ** piety under Jiyva
  7152 | D:7      | Identified the ring "Wevvaure" {+Blink Fly rC+ rN+}
  7408 | D:8      | Reached skill level 1 in Evocations
  7474 | D:8      | Found an opulent altar of Gozag.
  7598 | D:8      | Found an ancient bone altar of Kikubaaqudgha.
  7730 | D:8      | Found a burning altar of Makhleb.
  7757 | D:9      | Noticed a hornet
  7761 | D:9      | Killed a hornet
  7762 | D:9      | Reached XP level 9. HP: 46/46 MP: 14/14
  7793 | D:9      | Noticed Harold
  7831 | D:9      | Killed Harold
  7832 | D:9      | Reached skill level 5 in Dodging
  7833 | D:9      | Reached skill level 5 in Fighting
  7894 | D:9      | Noticed a boulder beetle
  7902 | D:9      | Killed a boulder beetle
  7903 | D:9      | Reached skill level 5 in Long Blades
  7903 | D:9      | Reached XP level 10. HP: 51/51 MP: 10/15
  8093 | D:9      | Reached *** piety under Jiyva
  8246 | D:9      | Found a snail-covered altar of Cheibriados.
  8248 | D:9      | Found a shimmering blue altar of Sif Muna.
  8290 | D:9      | Reached skill level 5 in Armour
  8491 | D:9      | Gained mutation: You passively dampen the noise of your
                  | surroundings. [Jiyva's grace]
  8775 | D:10     | Entered Level 10 of the Dungeon
  8806 | D:10     | HP: 2/53 [komodo dragon (8)]
  9230 | D:10     | Reached skill level 5 in Evocations
  9230 | D:10     | Reached XP level 11. HP: 58/58 MP: 16/16
  9293 | D:10     | Noticed a two-headed ogre
  9402 | D:10     | Identified the amulet of Viplaiq {RegenMP Harm rN+ Int+4}
  9473 | D:10     | Found a staircase to the Lair.
  9531 | D:10     | Noticed a two-headed ogre
  9539 | D:10     | Identified a scroll of acquirement
  9539 | D:10     | Acquired the +7 demon blade of Insufficient Pleasure {pain,
                  | rF+ Dex+3}
  9539 | D:10     | Slain by a two-headed ogre

Illustrated notes

Levels and vault maps discovered:
D:1:      lemuel_arrival_cross, layout_basic, serial_shops,
          nicolae_diamond_shop, shop, nicolae_shop_stone, shop_statue,
          interstate_on_off, nrook_mini_backslash, minmay_bisected
D:2:      minmay_inner_zag, layout_basic, basic_altar,
          kennysheep_generic_room_16
D:3:      layout_basic, serial_shops, nicolae_shop_window_shopping,
          hellmonk_ecumenical_altar_blasted
D:4:      layout_layer_cave, minmay_temple_entry_large_hall,
          kennysheep_another_room
D:5:      layout_basic, dk_yredelemnul_ordeal,
          chequers_temple_overflow_minitemple, okawaru_ov_weapons_minmay
D:6:      layout_basic, uniq_duvessa
D:7:      layout_loops_ring
D:8:      layout_cave_pools, mainiacjoe_overflow_alcove_1,
          lemuel_zombie_altar_kikubaaqudgha, lemuel_round_altar
D:9:      cheibrodos_grave_circle, layout_long_grid,
          mainiacjoe_overflow_catwalk_spiral, uniq_harold
D:10:     layout_irregular_city, grunt_lair_entry_orc_guard_hut
Temple:   pf_slimified_temple

Skill      XL: |  1  2  3  4  5  6  7  8  9 10 |
---------------+-------------------------------+-----
Fighting       | 1 2 3 4 5 6 |  6.7
Dodging        | 2 3 4 5 6 |  6.6
Spellcasting   | 3 |  3.2
Long Blades    | 1 2 3 5 6 |  6.2
Armour         | 1 2 3 4 5 |  5.7
Shields        | 1 2 3 4 |  4.0
Evocations     | 1 3 5 |  5.1
Stealth        | |  2.4
Transmutations | |  1.0
Poison Magic   | |  3.8

Action                   |  1- 3 |  4- 6 |  7- 9 | 10-12 || total
-------------------------+-------+-------+-------+-------++-------
Melee: Short sword       |    45 |    68 |       |       ||   113
       Dagger            |     1 |       |       |       ||     1
       Bite              |    11 |    16 |    14 |    42 ||    83
       Falchion          |       |    31 |   115 |   149 ||   295
       Unarmed           |       |       |     4 |       ||     4
Throw: Dart              |       |       |     4 |       ||     4
 Cast: Sting             |    40 |    28 |    13 |     1 ||    82
       Poisonous Vapours |     5 |     3 |     4 |     2 ||    14
Invok: Request Jelly     |       |       |     1 |       ||     1
 Abil: Evoke Blink       |       |       |       |     3 ||     3
Evoke: Wand              |       |       |     1 |     9 ||    10
  Use: Scroll            |       |     5 |       |     7 ||    12
 Stab: Sleeping          |     3 |     3 |     1 |       ||     7
       Distracted        |       |       |       |     1 ||     1
Armor: Robe              |     7 |    22 |    29 |    47 ||   105
       Skin              |       |       |     2 |       ||     2
Dodge: Dodged            |    26 |    86 |    45 |    93 ||   250
Block: Other             |       |    12 |       |       ||    12
       Reflection        |       |     3 |     1 |     1 ||     5
       Buckler           |       |     9 |    61 |    71 ||   141
       Rpst.: Falchion   |       |     8 |    10 |    14 ||    32
